 Dungeon Crawl Stone Soup version 0.29.0-15-g675c0067aa (webtiles) character file.

Game seed: 16254939458208929669

39660 qw the Warrior (level 13, 0/133 HPs)
             Began as a Minotaur Berserker on Sept 12, 2022.
             Was an Elder of Trog.
             Killed from afar by an electric eel (13 damage)
             ... with a bolt of electricity
             ... on level 5 of the Lair of Beasts.
             The game lasted 00:05:02 (17360 turns).

qw the Warrior (Minotaur Berserker)                Turns: 17360, Time: 00:05:03

Health: 0/133      AC: 24    Str: 29    XL:     13   Next: 70%
Magic:  12/12      EV: 10    Int: 10    God:    Trog [****..]
Gold:   738        SH:  0    Dex: 10    Spells: 12/12 levels left

rFire   + . .      SeeInvis .   l - +6 war axe (protect)
rCold   . . .      Faith    .   (no shield)
rNeg    . . .      Spirit   .   g - +2 plate armour
rPois   .          Reflect  .   (helmet restricted)
rElec   .          Harm     .   (no cloak)
rCorr   .          Rampage  .   (no gloves)
Will    ++...                   (no boots)
Stlth   ..........              (no amulet)
HPRegen 0.32/turn               j - ring of the Pariah {Fly Will++ Str+2 Int+6}
MPRegen 0.13/turn               i - ring of protection from fire

@: about to teleport, under a protective aura, on berserk cooldown, flying,
slowed, very slow
A: horns 2, retaliatory headbutt
a: Renounce Religion, Berserk, Trog's Hand, Brothers in Arms


You were on level 5 of the Lair of Beasts.
You worshipped Trog.
Trog was greatly pleased with you.
You visited 2 branches of the dungeon, and saw 14 of its levels.
You also visited: Ossuary.

You collected 738 gold pieces.


Innate Abilities, Weirdness & Mutations

You have a pair of horns on your head.
You reflexively headbutt those who attack you in melee.


   Skills:
 + Level 17.4 Fighting
 - Level 16.0 Axes
 - Level 6.2 Throwing
 - Level 13.0 Armour
 - Level 7.1 Dodging


You had 12 spell levels left.
You didn't know any spells.
Your spell library was empty.

Inventory:

Hand Weapons
 l - a +6 war axe of protection (weapon)
 n - a +0 eveningstar
Missiles
 f - 10 boomerangs (quivered)
Armour
 g - a +2 plate armour (worn)
Jewellery
 d - a ring of positive energy
 i - a ring of protection from fire (right hand)
 j - the ring of the Pariah (left hand) {Fly Will++ Str+2 Int+6}
   (You found it on level 9 of the Dungeon)

   [ring of intelligence]

   Str:       It affects your strength (+2).
   Int:       It affects your intelligence (+6).
   Fly:       It grants you flight.
   Will:      It greatly increases your willpower.
 Y - a ring of resist corrosion
Scrolls
 a - 8 scrolls of teleportation
 q - 3 scrolls of identify
Potions
 b - 5 potions of might
 c - 5 potions of curing
 e - 5 potions of heal wounds
 h - 3 potions of haste
 k - a potion of mutation
 m - 2 potions of cancellation
 p - a potion of resistance

Dungeon Overview and Level Annotations

Branches:
Dungeon (9/15)             Temple (0/1) D:5            Lair (5/5) D:9
 Shoals (0/4) Lair:3        Snake (0/4) Lair:3        Slime (0/5) Lair:5
Ossuary (visited)
    Orc: D:9-12

Altars:
Ashenzari
Dithmenos
Elyvilon
Nemelex Xobeh

Annotations:
D:1 1 runed translucent door
D:2 1 runed translucent door, Crazy Yiuf
Lair:1 3 runed translucent doors, qw's ghost, journeyman GrFi


Message History

Trog accepts your kill.
You slash the electric eel! You miss the electric eel.
Your headbutt misses the electric eel.
The electric eel is heavily wounded.
You barely miss the electric eel.
The electric eel is heavily wounded.
You slash the electric eel!
You kill the electric eel!
Trog accepts your kill.
You hear a splash.
An electric eel comes into view.
You feel a strong urge to attack something.
The lava snake spits lava at you. The glob of lava hits you!
You partially resist.
The electric eel shoots out a bolt of lightning at you!
The bolt of electricity hits you!
The lava snake bites you but does no damage.
You hit the lava snake. Your headbutt misses the lava snake.
The lava snake is moderately wounded.
You miss the lava snake.
The lava snake is moderately wounded.
The electric eel shoots out a bolt of lightning at you!
The bolt of electricity hits you.
The lava snake bites you but does no damage.
You slash the lava snake!
You kill the lava snake!
Trog accepts your kill.
The electric eel shoots out a bolt of lightning at you!
The bolt of electricity hits you but does no damage.
An electric eel comes into view.
You feel a strong urge to attack something.
You are no longer berserk.
You are exhausted.
You feel yourself slow down.
17360 ||| READING 9 scrolls of teleportation.
As you read the scroll of teleportation, it crumbles to dust.
You feel strangely unstable.
The electric eel shoots out a bolt of lightning at you!
The bolt of electricity hits you!
You die...

#S....¤¤ #~~...~¤
#~...~~## #~...~~~##
#~.~.¤~~~##
#~~.~...¤~##
#~~~...$¤¤# #~S.@[.¤¤#
##~~...¤¤# ##~~...~####
##~~....~##.#
#~~~....~##.##
#~.~.~.~~#..P# ####
#~....¤~##..#####..##
#~....~##.#.#.##.#...
.####..######..........


You could see 2 electric eels.

Vanquished Creatures
  2 hydras
  4 catoblepae
  2 two-headed ogres
  9 death yaks (Lair:5)
  A deep troll shaman (Lair:5)
  Sonja (Lair:4)
  A necromancer (Lair:4)
  2 black mambas
  3 merfolk sirens (Lair:3)
  16 elephants
  4 cane toads
  2 rime drakes
  5 komodo dragons
  3 polar bears
  A merfolk (Lair:3)
  17 blink frogs
  2 slime creatures (Lair:5)
  7 dream sheep (Lair:3)
  8 wyverns
  28 yaks
  2 basilisks
  2 steam dragons
  3 wargs (D:9)
  An acid dragon (D:8)
  9 water moccasins
  An orc warrior (D:9)
  2 black bears
  A sky beast (D:3)
  An ogre (D:4)
  3 centaurs
  20 wolves
  5 bullfrogs
  3 kobold brigands
  A scorpion (D:5)
  6 wights
  4 water moccasin zombies (Ossuary)
  9 killer bees (D:9)
  A howler monkey (D:7)
  3 electric eels (Lair:5)
  2 lava snakes (Lair:5)
  2 jellies (Lair:5)
  5 orc priests
  A gnoll bouda (D:6)
  2 iguanas (D:6)
  6 orc wizards
  Natasha (thrice) (D:2)
  3 yak simulacra (Lair:4)
  3 polar bear simulacra (Lair:4)
  3 wolf simulacra (Lair:4)
  2 mummies (Ossuary)
  4 adders
  12 gnolls
  A shadow imp (D:5)
  3 white imps
  5 adder zombies (Ossuary)
  2 worms (D:3)
  4 dart slugs
  13 orcs
  5 bats
  10 endoplasms
  5 giant cockroaches
  3 gnoll zombies (Ossuary)
  11 goblins
  7 hobgoblins
  6 jackals (D:1)
  15 kobolds
  3 quokkas
  10 ball pythons
  3 frilled lizards
  6 hobgoblin zombies (Ossuary)
  9 kobold zombies (Ossuary)
  7 orc zombies (Ossuary)
  6 rats
  2 river rat simulacra (Lair:4)
379 creatures vanquished.

Vanquished Creatures (collateral kills)
  A hydra (Lair:5)
1 creature vanquished.

Vanquished Creatures (others)
  A bush (Lair:5)
  19 fungi
  29 plants
49 creatures vanquished.

Grand Total: 429 creatures vanquished

Notes
Turn   | Place    | Note
-------+----------+-------------------------------------------
     0 | D:1      | qw the Minotaur Berserker began the quest for the Orb.
     0 | D:1      | Reached XP level 1. HP: 19/19 MP: 0/0
     0 | D:1      | 0 ||| qw: Version: 0.1-a-119-g272c26d
     0 | D:1      | 0 ||| qw: Game counter: 10919
     0 | D:1      | 0 ||| qw: Always use a shield: true
     0 | D:1      | 0 ||| qw: Do Orc after D:15 true
     0 | D:1      | 0 ||| qw: Do second Lair branch before Depths: true
     0 | D:1      | 0 ||| qw: Lair rune preference: random
     0 | D:1      | 0 ||| qw: Plans: Normal
     0 | D:1      | 0 ||| PLANNING D:1-11
     1 | D:1      | Found a runed translucent door.
    88 | D:1      | 88 ||| Stepping ~*~*~tactically~*~*~ (stealth).
    89 | D:1      | 89 ||| Stepping ~*~*~tactically~*~*~ (stealth).
   114 | D:1      | 114 ||| Stepping ~*~*~tactically~*~*~ (stealth).
   122 | D:1      | 122 ||| Stepping ~*~*~tactically~*~*~ (stealth).
   124 | D:1      | 124 ||| Stepping ~*~*~tactically~*~*~ (stealth).
   126 | D:1      | 126 ||| Stepping ~*~*~tactically~*~*~ (stealth).
   136 | D:1      | Reached XP level 2. HP: 18/26 MP: 1/1
   400 | D:1      | 400 ||| DROPPING +0 club.
   412 | D:1      | 412 ||| Stepping ~*~*~tactically~*~*~ (stealth).
   758 | D:1      | Reached XP level 3. HP: 31/31 MP: 2/2
   843 | D:1      | Reached ** piety under Trog
   881 | D:1      | Found a faded altar of an unknown god.
  1224 | D:1      | 1224 ||| UPGRADING to +0 chain mail.
  1234 | D:1      | 1234 ||| DROPPING +0 animal skin.
  1235 | D:1      | 1235 ||| READING 2 scrolls labelled LOATUNN GIATE.
  1236 | D:1      | 1236 ||| READING scroll of enchant weapon.
  1236 | D:1      | 1236 ||| ENCHANTING +1 hand axe.
  1237 | D:1      | 1237 ||| DRINKING 2 brown potions.
  1542 | D:2      | 1542 ||| Stepping ~*~*~tactically~*~*~ (stealth).
  1543 | D:2      | 1543 ||| Stepping ~*~*~tactically~*~*~ (stealth).
  1647 | D:2      | Reached XP level 4. HP: 39/39 MP: 3/3
  1651 | D:2      | Reached skill level 6 in Axes
  1661 | D:2      | 1661 ||| DROPPING +0 whip.
  1831 | D:2      | Noticed Natasha
  1833 | D:2      | 1833 ||| INVOKING Berserk.
  1834 | D:2      | Killed Natasha
  1950 | D:2      | Noticed Natasha
  1951 | D:2      | 1951 ||| Stepping ~*~*~tactically~*~*~ (stealth).
  1971 | D:2      | 1971 ||| Stepping ~*~*~tactically~*~*~ (stealth).
  1972 | D:2      | 1972 ||| Stepping ~*~*~tactically~*~*~ (stealth).
  1978 | D:2      | 1978 ||| Stepping ~*~*~tactically~*~*~ (hiding).
  1981 | D:2      | 1981 ||| INVOKING Berserk.
  1983 | D:2      | Killed Natasha
  2094 | D:2      | Noticed Natasha
  2102 | D:2      | 2102 ||| Stepping ~*~*~tactically~*~*~ (stealth).
  2104 | D:2      | 2104 ||| Stepping ~*~*~tactically~*~*~ (stealth).
  2106 | D:2      | 2106 ||| INVOKING Berserk.
  2108 | D:2      | Killed Natasha
  2109 | D:2      | Reached XP level 5. HP: 45/45 MP: 4/4
  2273 | D:2      | Found a runed translucent door.
  2274 | D:2      | Noticed Crazy Yiuf
  2387 | D:2      | 2387 ||| UPGRADING to +1 chain mail of willpower.
  2397 | D:2      | 2397 ||| DROPPING +0 chain mail.
  2398 | D:2      | 2398 ||| READING scroll labelled YRGHAFE TYACIT.
  2429 | D:2      | 2429 ||| READING scroll labelled EDAZYD JYOCU.
  2430 | D:2      | 2430 ||| READING scroll labelled RUDWAU XOUD.
  2431 | D:2      | 2431 ||| READING scroll labelled IXZEKLACILEH.
  2753 | D:3      | 2753 ||| SWAPPING to +4 war axe.
  2757 | D:3      | 2757 ||| DROPPING +2 hand axe.
  2821 | D:3      | Found a shadowy altar of Dithmenos.
  2847 | D:3      | Reached skill level 4 in Fighting
  2849 | D:3      | 2849 ||| Stepping ~*~*~tactically~*~*~ (hiding).
  3154 | D:3      | Noticed a sky beast
  3160 | D:3      | Killed a sky beast
  3287 | D:3      | 3287 ||| READING scroll labelled DIARUN UWAARAE.
  3288 | D:3      | 3288 ||| READING scroll labelled KEHENG VUOFF.
  3289 | D:3      | 3289 ||| READING scroll labelled HODEVU CULATH.
  3320 | D:4      | 3320 ||| Stepping ~*~*~tactically~*~*~ (stealth).
  3346 | D:4      | Reached XP level 6. HP: 52/52 MP: 5/5
  3351 | D:4      | 3351 ||| Stepping ~*~*~tactically~*~*~ (hiding).
  3357 | D:4      | 3357 ||| INVOKING Berserk.
  3377 | D:4      | 3377 ||| Stepping ~*~*~tactically~*~*~ (stealth).
  3410 | D:4      | 3410 ||| INVOKING Berserk.
  3463 | D:4      | 3463 ||| FLEEEEING.
  3464 | D:4      | 3464 ||| FLEEEEING.
  3472 | D:4      | 3472 ||| Stepping ~*~*~tactically~*~*~ (stealth).
  3686 | D:4      | 3686 ||| Stepping ~*~*~tactically~*~*~ (hiding).
  3691 | D:4      | 3691 ||| INVOKING Berserk.
  3696 | D:4      | Reached skill level 9 in Axes
  3702 | D:4      | Reached skill level 5 in Fighting
  3702 | D:4      | Reached XP level 7. HP: 37/61 MP: 6/6
  3865 | D:4      | 3865 ||| Stepping ~*~*~tactically~*~*~ (stealth).
  3911 | D:4      | 3911 ||| Stepping ~*~*~tactically~*~*~ (stealth).
  3914 | D:4      | 3914 ||| Stepping ~*~*~tactically~*~*~ (stealth).
  3916 | D:4      | 3916 ||| Stepping ~*~*~tactically~*~*~ (stealth).
  4230 | D:4      | 4230 ||| UPGRADING to +0 plate armour.
  4240 | D:4      | 4240 ||| DROPPING +1 chain mail of willpower.
  4241 | D:4      | 4241 ||| DRINKING 2 amethyst potions.
  4242 | D:4      | 4242 ||| DRINKING 2 lumpy coppery potions.
  4243 | D:4      | 4243 ||| DROPPING potion of attraction.
  4293 | D:5      | Entered Level 5 of the Dungeon
  4294 | D:5      | 4294 ||| PLANNING OSSUARY
  4341 | D:5      | Found a staircase to the Ecumenical Temple.
  4380 | D:5      | 4380 ||| READING scroll of enchant weapon.
  4380 | D:5      | 4380 ||| ENCHANTING +4 war axe of protection.
  4424 | D:5      | Reached skill level 3 in Armour
  4542 | D:5      | 4542 ||| Stepping ~*~*~tactically~*~*~ (hiding).
  4745 | D:5      | Reached *** piety under Trog
  5020 | D:5      | Found a sand-covered staircase.
  5021 | D:5      | 5021 ||| READING scroll labelled AKOFEP GOFEIPH.
  5022 | D:5      | 5022 ||| READING scroll labelled ERIMA ATWIWOJ.
  5028 | Ossuary  | Entered an ossuary
  5133 | Ossuary  | 5133 ||| Stepping ~*~*~tactically~*~*~ (stealth).
  5175 | Ossuary  | Reached **** piety under Trog
  5183 | Ossuary  | Reached skill level 1 in Throwing
  5250 | Ossuary  | 5250 ||| READING scroll labelled HAPNOOC RYXI.
  5393 | Ossuary  | 5393 ||| DRINKING 2 bubbling pink potions.
  5399 | D:5      | 5399 ||| PLANNING D:1-11
  5498 | D:6      | Reached XP level 8. HP: 68/68 MP: 7/7
  5565 | D:6      | 5565 ||| Stepping ~*~*~tactically~*~*~ (stealth).
  5567 | D:6      | 5567 ||| Stepping ~*~*~tactically~*~*~ (stealth).
  5571 | D:6      | 5571 ||| INVOKING Berserk.
  5573 | D:6      | Reached skill level 6 in Fighting
  5580 | D:6      | HP: 17/70 [poisoned by a kobold]
  5685 | D:6      | 5685 ||| FLEEEEING.
  5686 | D:6      | 5686 ||| FLEEEEING.
  5702 | D:6      | 5702 ||| FLEEEEING.
  5707 | D:6      | 5707 ||| FLEEEEING.
  5708 | D:6      | 5708 ||| FLEEEEING.
  5709 | D:6      | 5709 ||| FLEEEEING.
  5710 | D:6      | 5710 ||| FLEEEEING.
  5712 | D:6      | 5712 ||| FLEEEEING.
  5713 | D:6      | 5713 ||| STAIRDANCE
  5910 | D:6      | 5910 ||| INVOKING Berserk.
  5937 | D:6      | HP: 13/70 [steam dragon/ball of steam (22)]
  5938 | D:6      | 5938 ||| READING 5 scrolls of teleportation.
  5939 | D:6      | 5939 ||| DRINKING 4 potions of heal wounds.
  5941 | D:6      | 5941 ||| READING 4 scrolls of teleportation.
  5942 | D:6      | 5942 ||| DRINKING 3 potions of heal wounds.
  6077 | D:6      | 6077 ||| INVOKING Berserk.
  6477 | D:6      | 6477 ||| READING scroll labelled JEUMMEU WASAOS.
  6478 | D:6      | 6478 ||| READING 2 scrolls of identify.
  6478 | D:6      | 6478 ||| IDENTIFYING lumpy white potion
  6479 | D:6      | 6479 ||| DROPPING potion of lignification.
  6488 | D:7      | 6488 ||| INVOKING Berserk.
  6712 | D:7      | Found a white marble altar of Elyvilon.
  6775 | D:7      | 6775 ||| Stepping ~*~*~tactically~*~*~ (stealth).
  6867 | D:7      | 6867 ||| DROPPING +2 flail of protection.
  6925 | D:7      | Noticed a troll
  6925 | D:7      | Noticed a hornet
  6925 | D:7      | 6925 ||| INVOKING Berserk.
  6930 | D:7      | Reached skill level 12 in Axes
  7007 | D:7      | 7007 ||| READING scroll of enchant armour.
  7007 | D:7      | 7007 ||| ENCHANTING +0 plate armour.
  7054 | D:7      | Reached XP level 9. HP: 74/78 MP: 8/8
  7093 | D:7      | Reached skill level 7 in Fighting
  7133 | D:7      | 7133 ||| UPGRADING to ring of resist corrosion.
  7134 | D:7      | 7134 ||| READING scroll labelled SAIQAO DEYLIOK.
  7135 | D:7      | 7135 ||| DRINKING 3 silvery potions.
  7136 | D:7      | 7136 ||| READING 4 scrolls of identify.
  7136 | D:7      | 7136 ||| IDENTIFYING gluggy clear potion
  7137 | D:7      | 7137 ||| READING 3 scrolls of identify.
  7137 | D:7      | 7137 ||| IDENTIFYING golden potion
  7138 | D:7      | 7138 ||| READING 2 scrolls of identify.
  7138 | D:7      | 7138 ||| IDENTIFYING sedimented pink potion
  7139 | D:7      | 7139 ||| DROPPING potion of degeneration.
  7140 | D:7      | 7140 ||| DROPPING potion of ambrosia.
  7141 | D:7      | 7141 ||| DROPPING potion of invisibility.
  7372 | D:8      | 7372 ||| Stepping ~*~*~tactically~*~*~ (hiding).
  7709 | D:8      | Reached skill level 6 in Armour
  7709 | D:8      | 7709 ||| FLEEEEING.
  7710 | D:8      | 7710 ||| FLEEEEING.
  7711 | D:8      | 7711 ||| FLEEEEING.
  7712 | D:8      | 7712 ||| FLEEEEING.
  7713 | D:8      | 7713 ||| FLEEEEING.
  7714 | D:8      | 7714 ||| FLEEEEING.
  7716 | D:8      | 7716 ||| FLEEEEING.
  7717 | D:8      | 7717 ||| FLEEEEING.
  7718 | D:8      | 7718 ||| FLEEEEING.
  7719 | D:8      | 7719 ||| FLEEEEING.
  7720 | D:8      | 7720 ||| FLEEEEING.
  7721 | D:8      | 7721 ||| FLEEEEING.
  7722 | D:8      | 7722 ||| FLEEEEING.
  7723 | D:8      | 7723 ||| FLEEEEING.
  7724 | D:8      | 7724 ||| FLEEEEING.
  7725 | D:8      | 7725 ||| FLEEEEING.
  7726 | D:8      | 7726 ||| FLEEEEING.
  7727 | D:8      | 7727 ||| FLEEEEING.
  7728 | D:8      | 7728 ||| FLEEEEING.
  7729 | D:8      | 7729 ||| STAIRDANCE
  7765 | D:7      | 7765 ||| READING 3 scrolls of identify.
  7765 | D:7      | 7765 ||| IDENTIFYING sedimented black potion
  7766 | D:7      | 7766 ||| READING 2 scrolls of identify.
  7766 | D:7      | 7766 ||| IDENTIFYING coppery potion
  7767 | D:7      | 7767 ||| DROPPING potion of flight.
  7821 | D:8      | Reached skill level 8 in Fighting
  7900 | D:8      | 7900 ||| INVOKING Berserk.
  8074 | D:8      | Found a sparkling altar of Nemelex Xobeh.
  8134 | D:9      | 8134 ||| STAIRDANCE
  8142 | D:9      | 8142 ||| STAIRDANCE
  8150 | D:8      | HP: 20/81 [poisoned by a killer bee]
  8427 | D:9      | 8427 ||| INVOKING Berserk.
  8489 | D:9      | 8489 ||| Stepping ~*~*~tactically~*~*~ (stealth).
  8601 | D:9      | 8601 ||| INVOKING Berserk.
  8821 | D:9      | 8821 ||| INVOKING Berserk.
  9036 | D:9      | 9036 ||| Stepping ~*~*~tactically~*~*~ (stealth).
  9050 | D:9      | Reached XP level 10. HP: 88/88 MP: 9/9
  9093 | D:9      | Found a broken altar of Ashenzari.
  9112 | D:9      | 9112 ||| Stepping ~*~*~tactically~*~*~ (stealth).
  9113 | D:9      | 9113 ||| Stepping ~*~*~tactically~*~*~ (stealth).
  9115 | D:9      | 9115 ||| Stepping ~*~*~tactically~*~*~ (hiding).
  9130 | D:9      | Found a staircase to the Lair.
  9133 | D:9      | Noticed a two-headed ogre
  9134 | D:9      | 9134 ||| FLEEEEING.
  9136 | D:9      | 9136 ||| FLEEEEING.
  9137 | D:9      | 9137 ||| FLEEEEING.
  9138 | D:9      | 9138 ||| FLEEEEING.
  9139 | D:9      | 9139 ||| FLEEEEING.
  9140 | D:9      | 9140 ||| FLEEEEING.
  9141 | D:9      | 9141 ||| FLEEEEING.
  9142 | D:9      | 9142 ||| FLEEEEING.
  9143 | D:9      | 9143 ||| FLEEEEING.
  9144 | D:9      | 9144 ||| FLEEEEING.
  9145 | D:9      | 9145 ||| FLEEEEING.
  9146 | D:9      | 9146 ||| FLEEEEING.
  9147 | D:9      | 9147 ||| FLEEEEING.
  9148 | D:9      | 9148 ||| DRINKING 5 potions of curing.
  9148 | D:9      | 9148 ||| (to cure confusion)
  9149 | D:9      | 9149 ||| FLEEEEING.
  9150 | D:9      | 9150 ||| FLEEEEING.
  9151 | D:9      | 9151 ||| STAIRDANCE
  9233 | D:8      | 9233 ||| UPGRADING to ring of protection from fire.
  9234 | D:8      | 9234 ||| READING scroll labelled XAUSMA RAROVIF.
  9235 | D:8      | 9235 ||| READING 2 scrolls of identify.
  9235 | D:8      | 9235 ||| IDENTIFYING viscous silvery potion
  9238 | D:9      | 9238 ||| STAIRDANCE
  9240 | D:8      | 9240 ||| INVOKING Berserk.
  9244 | D:8      | Killed a two-headed ogre
  9245 | D:8      | Reached skill level 15 in Axes
  9532 | D:9      | 9532 ||| Stepping ~*~*~tactically~*~*~ (stealth).
  9645 | D:9      | Noticed a two-headed ogre
  9649 | D:9      | 9649 ||| INVOKING Berserk.
  9652 | D:9      | Killed a two-headed ogre
  9653 | D:9      | Reached skill level 9 in Fighting
  9762 | D:9      | Identified the ring of the Pariah {Fly Will++ Str+2 Int+6}
 10087 | D:9      | 10087 ||| PLANNING LAIR
 10087 | D:9      | 10087 ||| UPGRADING to ring of the Pariah {Fly Will++ Str+2
                  | Int+6}.
 10134 | Lair:1   | Entered Level 1 of the Lair of Beasts
 10135 | Lair:1   | 10135 ||| PLANNING GAUNTLET
 10145 | Lair:1   | Reached skill level 3 in Dodging
 10181 | Lair:1   | Noticed a black mamba
 10184 | Lair:1   | 10184 ||| INVOKING Berserk.
 10186 | Lair:1   | Killed a black mamba
 10346 | Lair:1   | Noticed a five-headed hydra
 10347 | Lair:1   | 10347 ||| INVOKING Brothers in Arms.
 10349 | Lair:1   | 10349 ||| SWAPPING to +0 eveningstar.
 10350 | Lair:1   | 10350 ||| INVOKING Berserk.
 10352 | Lair:1   | Killed a five-headed hydra
 10359 | Lair:1   | 10359 ||| SWAPPING to +5 war axe of protection.
 10491 | Lair:1   | 10491 ||| INVOKING Berserk.
 10502 | Lair:1   | Reached skill level 10 in Fighting
 10502 | Lair:1   | Reached XP level 11. HP: 99/99 MP: 10/10
 10661 | Lair:1   | 10661 ||| RIP GAUNTLET
 10666 | Lair:1   | 10666 ||| PLANNING LAIR
 10860 | Lair:1   | 10860 ||| Stepping ~*~*~tactically~*~*~ (stealth).
 10862 | Lair:1   | 10862 ||| Stepping ~*~*~tactically~*~*~ (stealth).
 10880 | Lair:1   | 10880 ||| Stepping ~*~*~tactically~*~*~ (stealth).
 10881 | Lair:1   | 10881 ||| Stepping ~*~*~tactically~*~*~ (stealth).
 10952 | Lair:1   | 10952 ||| INVOKING Berserk.
 11108 | Lair:1   | Found a runed translucent gate.
 11110 | Lair:1   | Found a runed translucent gate.
 11111 | Lair:1   | Found a runed translucent gate.
 11113 | Lair:1   | Noticed qw's ghost (journeyman GrFi)
 11154 | Lair:1   | 11154 ||| INVOKING Berserk.
 11373 | Lair:1   | Reached skill level 11 in Fighting
 11433 | Lair:1   | Noticed a nine-headed hydra
 11536 | Lair:1   | 11536 ||| DROPPING orb of energy.
 11630 | Lair:2   | 11630 ||| INVOKING Berserk.
 11758 | Lair:2   | 11758 ||| INVOKING Berserk.
 11879 | Lair:2   | Reached skill level 9 in Armour
 11882 | Lair:2   | 11882 ||| FLEEEEING.
 11883 | Lair:2   | 11883 ||| FLEEEEING.
 11923 | Lair:2   | Noticed a seven-headed hydra
 11924 | Lair:2   | 11924 ||| FLEEEEING.
 11925 | Lair:2   | 11925 ||| FLEEEEING.
 11926 | Lair:2   | 11926 ||| FLEEEEING.
 11928 | Lair:2   | 11928 ||| STAIRDANCE
 12125 | Lair:2   | 12125 ||| INVOKING Berserk.
 12130 | Lair:2   | Reached skill level 12 in Fighting
 12306 | Lair:2   | 12306 ||| Stepping ~*~*~tactically~*~*~ (stealth).
 12308 | Lair:2   | 12308 ||| Stepping ~*~*~tactically~*~*~ (stealth).
 12319 | Lair:2   | 12319 ||| Stepping ~*~*~tactically~*~*~ (stealth).
 12320 | Lair:2   | 12320 ||| Stepping ~*~*~tactically~*~*~ (stealth).
 12325 | Lair:2   | 12325 ||| Stepping ~*~*~tactically~*~*~ (stealth).
 12326 | Lair:2   | 12326 ||| Stepping ~*~*~tactically~*~*~ (stealth).
 12639 | Lair:2   | 12639 ||| Stepping ~*~*~tactically~*~*~ (hiding).
 12640 | Lair:2   | 12640 ||| Stepping ~*~*~tactically~*~*~ (hiding).
 12814 | Lair:2   | 12814 ||| READING scroll of enchant weapon.
 12814 | Lair:2   | 12814 ||| ENCHANTING +5 war axe of protection.
 12997 | Lair:3   | Found a staircase to the Snake Pit.
 13052 | Lair:3   | Noticed a catoblepas
 13055 | Lair:3   | 13055 ||| INVOKING Berserk.
 13061 | Lair:3   | Killed a catoblepas
 13062 | Lair:3   | Reached skill level 13 in Fighting
 13101 | Lair:3   | 13101 ||| Stepping ~*~*~tactically~*~*~ (stealth).
 13111 | Lair:3   | 13111 ||| Stepping ~*~*~tactically~*~*~ (stealth).
 13120 | Lair:3   | 13120 ||| INVOKING Berserk.
 13122 | Lair:3   | Reached skill level 3 in Throwing
 13122 | Lair:3   | Reached XP level 12. HP: 115/115 MP: 11/11
 13335 | Lair:3   | Found a staircase to the Shoals.
 13435 | Lair:3   | 13435 ||| Stepping ~*~*~tactically~*~*~ (hiding).
 13436 | Lair:3   | 13436 ||| Stepping ~*~*~tactically~*~*~ (hiding).
 13613 | Lair:3   | 13613 ||| Stepping ~*~*~tactically~*~*~ (stealth).
 13614 | Lair:3   | 13614 ||| Stepping ~*~*~tactically~*~*~ (stealth).
 13616 | Lair:3   | 13616 ||| Stepping ~*~*~tactically~*~*~ (stealth).
 13617 | Lair:3   | 13617 ||| Stepping ~*~*~tactically~*~*~ (stealth).
 13622 | Lair:3   | 13622 ||| Stepping ~*~*~tactically~*~*~ (stealth).
 13636 | Lair:3   | Reached skill level 14 in Fighting
 13845 | Lair:3   | 13845 ||| Stepping ~*~*~tactically~*~*~ (stealth).
 13847 | Lair:3   | 13847 ||| INVOKING Berserk.
 14035 | Lair:3   | 14035 ||| INVOKING Berserk.
 14343 | Lair:3   | 14343 ||| READING 4 scrolls of identify.
 14343 | Lair:3   | 14343 ||| IDENTIFYING glowing blue potion
 14579 | Lair:4   | 14579 ||| Stepping ~*~*~tactically~*~*~ (stealth).
 14581 | Lair:4   | 14581 ||| INVOKING Berserk.
 14594 | Lair:4   | Reached skill level 15 in Fighting
 14709 | Lair:4   | 14709 ||| Stepping ~*~*~tactically~*~*~ (stealth).
 14719 | Lair:4   | 14719 ||| INVOKING Berserk.
 14720 | Lair:4   | Reached skill level 6 in Dodging
 14900 | Lair:4   | Noticed a six-headed hydra
 14901 | Lair:4   | 14901 ||| INVOKING Brothers in Arms.
 14902 | Lair:4   | 14902 ||| SWAPPING to +0 eveningstar.
 14903 | Lair:4   | 14903 ||| INVOKING Berserk.
 14906 | Lair:4   | Killed a six-headed hydra
 14918 | Lair:4   | 14918 ||| SWAPPING to +6 war axe of protection.
 14985 | Lair:4   | 14985 ||| INVOKING Berserk.
 15066 | Lair:4   | 15066 ||| Stepping ~*~*~tactically~*~*~ (stealth).
 15073 | Lair:4   | Reached skill level 12 in Armour
 15465 | Lair:4   | Noticed Sonja
 15466 | Lair:4   | 15466 ||| Stepping ~*~*~tactically~*~*~ (hiding).
 15475 | Lair:4   | 15475 ||| Stepping ~*~*~tactically~*~*~ (hiding).
 15485 | Lair:4   | 15485 ||| INVOKING Berserk.
 15485 | Lair:4   | Killed Sonja
 15862 | Lair:5   | Entered Level 5 of the Lair of Beasts
 15862 | Lair:5   | Noticed a catoblepas
 15868 | Lair:5   | 15868 ||| Stepping ~*~*~tactically~*~*~ (cloud).
 15868 | Lair:5   | Found a staircase to the Slime Pits.
 15871 | Lair:5   | 15871 ||| INVOKING Berserk.
 15878 | Lair:5   | Reached XP level 13. HP: 118/118 MP: 12/12
 15901 | Lair:5   | 15901 ||| FLEEEEING.
 15902 | Lair:5   | 15902 ||| FLEEEEING.
 15903 | Lair:5   | 15903 ||| FLEEEEING.
 15904 | Lair:5   | 15904 ||| INVOKING Brothers in Arms.
 15905 | Lair:5   | 15905 ||| INVOKING Brothers in Arms.
 15906 | Lair:5   | 15906 ||| SWAPPING to +0 eveningstar.
 15908 | Lair:5   | HP: 26/124 [six-headed hydra (12)]
 15909 | Lair:5   | Reached skill level 16 in Fighting
 15909 | Lair:5   | 15909 ||| SWAPPING to +6 war axe of protection.
 16033 | Lair:5   | 16033 ||| STAIRDANCE
 16228 | Lair:5   | 16228 ||| STAIRDANCE
 16241 | Lair:5   | 16241 ||| STAIRDANCE
 16273 | Lair:5   | 16273 ||| STAIRDANCE
 16355 | Lair:5   | 16355 ||| Stepping ~*~*~tactically~*~*~ (hiding).
 16357 | Lair:5   | 16357 ||| INVOKING Berserk.
 16527 | Lair:5   | 16527 ||| Stepping ~*~*~tactically~*~*~ (stealth).
 16529 | Lair:5   | 16529 ||| Stepping ~*~*~tactically~*~*~ (stealth).
 16531 | Lair:5   | 16531 ||| INVOKING Berserk.
 16613 | Lair:5   | 16613 ||| READING scroll of enchant armour.
 16613 | Lair:5   | 16613 ||| ENCHANTING +1 plate armour.
 16624 | Lair:5   | 16624 ||| INVOKING Berserk.
 16707 | Lair:5   | 16707 ||| Stepping ~*~*~tactically~*~*~ (stealth).
 16778 | Lair:5   | 16778 ||| Stepping ~*~*~tactically~*~*~ (stealth).
 16779 | Lair:5   | 16779 ||| INVOKING Berserk.
 16785 | Lair:5   | Reached skill level 17 in Fighting
 16799 | Lair:5   | Reached skill level 6 in Throwing
 16802 | Lair:5   | 16802 ||| Stepping ~*~*~tactically~*~*~ (cloud).
 16804 | Lair:5   | 16804 ||| Stepping ~*~*~tactically~*~*~ (cloud).
 16807 | Lair:5   | 16807 ||| Stepping ~*~*~tactically~*~*~ (cloud).
 16810 | Lair:5   | 16810 ||| Stepping ~*~*~tactically~*~*~ (cloud).
 16894 | Lair:5   | 16894 ||| Stepping ~*~*~tactically~*~*~ (stealth).
 16936 | Lair:5   | 16936 ||| Stepping ~*~*~tactically~*~*~ (stealth).
 16937 | Lair:5   | 16937 ||| Stepping ~*~*~tactically~*~*~ (stealth).
 16942 | Lair:5   | 16942 ||| INVOKING Berserk.
 17004 | Lair:5   | Noticed a dire elephant
 17005 | Lair:5   | 17005 ||| Stepping ~*~*~tactically~*~*~ (stealth).
 17018 | Lair:5   | 17018 ||| INVOKING Berserk.
 17341 | Lair:5   | 17341 ||| INVOKING Berserk.
 17345 | Lair:5   | HP: 48/198 [electric eel/bolt of electricity (11)]
 17353 | Lair:5   | HP: 27/198 [lava snake/glob of lava (12)]
 17360 | Lair:5   | 17360 ||| READING 9 scrolls of teleportation.
 17360 | Lair:5   | Killed from afar by an electric eel

Levels and vault maps discovered:
D:1:      dpeg_arrival_caged_fury, layout_basic, shapermc_ecumenical_altar_petra
D:2:      layout_loops_ring, wander_ebering_terrifying_dragon_lair,
          uniq_natasha, uniq_crazy_yiuf_cottage
D:3:      layout_basic, nicolae_dithmenos_shadow_blocks, serial_aquarium,
          aquarium_bridge_square [aquarium_subvault_window,
          aquarium_subvault_balcony, aquarium_subvault_bridge,
          aquarium_subvault_balcony], aquarium_bridge_square
          [aquarium_subvault_wall, aquarium_subvault_bridge,
          aquarium_subvault_wall, aquarium_subvault_wall], aquarium_window_fake,
          aquarium_window_corridor_3, aquarium_view_2c, aquarium_balcony_5a,
          aquarium_pool_four
D:4:      layout_basic
D:5:      layout_basic, minmay_temple_entry_arrows, nicolae_ossuary_entry_plus
D:6:      layout_cave_pools
D:7:      layout_rooms, elyvilon_altar_1
D:8:      layout_loops_corners, nemelex_diamond_rough_becter
D:9:      layout_irregular_city, lemuel_tele_altar, erik_lair_orcish_takeover,
          grunt_ministairs_11
Lair:1:   layout_regular_city, gauntlet_entry_generic,
          gammafunk_ghost_hydra_chop, lemuel_fruit_fields
Lair:2:   layout_regular_city
Lair:3:   layout_chaotic_city, elwin_shoals_entry_stream, dummy_snake_entry,
          chequers_serial_rivers_micro_d
Lair:4:   layout_roguey, eino_house_with_fridge, uniq_sonja
Lair:5:   grunt_lair_end_beastmaster, layout_cave_shapes,
          minmay_slime_entry_pillars, nicolae_lair_liquid_snakes,
          grunt_megastairs_1

Skill      XL: |  1  2  3  4  5  6  7  8  9 10 11 12 13 |
---------------+----------------------------------------+-----
Axes           | 4 5 7 8 9 10 12 14 16 | 16.0
Fighting       | 4 5 6 8 10 13 15 17 | 17.4
Armour         | 4 5 6 7 10 12 13 | 13.0
Throwing       | 1 3 5 6 |  6.2
Dodging        | 3 5 6 7 |  7.1

Action                   |  1- 3 |  4- 6 |  7- 9 | 10-12 | 13-15 || total
-------------------------+-------+-------+-------+-------+-------++-------
Melee: Hand axe          |    72 |    19 |       |       |       ||    91
       Headbutt          |    10 |     8 |    35 |    74 |    33 ||   160
       War axe           |       |    46 |   229 |   328 |   147 ||   750
       Punch             |       |       |     2 |     6 |       ||     8
       Eveningstar       |       |       |       |     4 |     2 ||     6
Throw: Boomerang         |    27 |    32 |    47 |    89 |    17 ||   212
Invok: Berserk           |       |     6 |     9 |    20 |     7 ||    42
       Brothers in Arms  |       |       |       |     2 |     1 ||     3
  Use: Scroll            |     2 |     7 |    15 |     4 |     2 ||    30
       Potion            |     1 |       |     6 |     1 |       ||     8
 Stab: Petrified         |       |       |       |     3 |       ||     3
       Petrifying        |       |       |       |     2 |       ||     2
Armor: Animal skin       |     7 |       |       |       |       ||     7
       Chain mail        |     9 |    21 |     3 |       |       ||    33
       Plate armour      |       |       |   135 |   174 |   113 ||   422
Dodge: Dodged            |    31 |    22 |    75 |   104 |    42 ||   274

Table legend:
 A = Non-vault XP
 B = Vault XP
 C = Vault XP percentage of total XP
 D = Non-vault monster count
 E = Vault monster count
 F = Vault count percentage of total count
                 A         B        C        D         E       F
            +---------+---------+-------+---------+---------+-------
      Total |   38945 |   17713 |  31.3 |     277 |     103 |  27.1
            +---------+---------+-------+---------+---------+-------
        D:1 |      52 |       0 |   0.0 |      31 |       0 |   0.0
        D:2 |     123 |      33 |  21.2 |      17 |       2 |  10.5
        D:3 |     164 |       0 |   0.0 |      19 |       0 |   0.0
        D:4 |     433 |       0 |   0.0 |      23 |       0 |   0.0
        D:5 |     224 |       0 |   0.0 |      11 |       0 |   0.0
        D:6 |     728 |       0 |   0.0 |      18 |       0 |   0.0
        D:7 |     788 |       0 |   0.0 |      15 |       0 |   0.0
        D:8 |    2238 |       0 |   0.0 |      15 |       0 |   0.0
        D:9 |    1880 |     999 |  34.7 |      15 |      15 |  50.0
     Lair:1 |    5393 |       0 |   0.0 |      21 |       0 |   0.0
     Lair:2 |    5975 |       0 |   0.0 |      19 |       0 |   0.0
     Lair:3 |    8555 |    1714 |  16.7 |      32 |       4 |  11.1
     Lair:4 |    6130 |    1742 |  22.1 |      20 |      13 |  39.4
     Lair:5 |    6262 |   12832 |  67.2 |      21 |      33 |  61.1
    Ossuary |       0 |     393 | 100.0 |       0 |      36 | 100.0
            +---------+---------+-------+---------+---------+-------
